cohdb
Replays
Latest Replays
All Replays
Popular Replays
Top Player Replays
Match Explorer
How It Works
Community
CoH3 Stats
Reddit
Sign in to upload your games and track your stats! →
Sign in with Steam
Match 39216456
Unlisted
Match 39216456
Overview
Messages
Build Orders
End
Royal Engineer Section
Construct Section Command Post
Infantry Section
Infantry Section
Infantry Section
Construct Field Infirmary
Construct Platoon Command Post
Selects Indian Artillery Battlegroup
Selects War Cry
Selects Gurkha Rifles Section
6-pounder Anti-tank Gun Team
Humber Armored Car
Infantry Training
Selects Volunteer Infantry
Selects Artillery Saturation
Gurkha Rifles Section
Construct Company Command Post
Selects Off-map Airburst Barrage
Foot Guards Section
Unlock M3 Grant Medium Tanks
M3 Grant Medium Tank
Selects Perimeter Monitor
STALKER4732
Devochkin
infernoVenom
Yeknod
0
0
Comments
sign in to comment!
No comments posted yet!